Map: Newkirk Precinct TE (Void)

Players

GAMETIME - Winner!

  • Race: Zerg Zerg
  • Spawn Location: 5:00

Caliber

  • Race: Protoss Protoss
  • Spawn Location: 7:00

Event: WCS Austin 2017

VOD

Have the link to the VOD?

Description

Time

  • Played on: April 28, 2017, 6:50 p.m.
  • Length: 9:02

All games in this series

Show
View Real Time Build Order
Export as new Build Order

GAMETIME Zerg - Winner!

Build Orders: Pool First 

Get SALT Encoding   

  12  0:01  Drone  
  13  0:13  Overlord  
  13  0:18  Drone  
  14  0:31  Drone x2  
  16  0:35  Drone  
  16  0:42  Extractor  
  16  0:46  Drone  
  17  0:51  Spawning Pool  
  17  0:56  Drone  
  17  1:07  Drone  
  18  1:23  Hatchery  
  17  1:30  Drone  
  18  1:38  Queen  
  20  1:40  Zergling x2  
  21  1:47  Metabolic Boost  
  21  1:54  Overlord  
  21  1:58  Drone  
  22  2:12  Drone x2  
  22  2:13  Queen  
  26  2:23  Drone  
  27  2:38  Drone x2  
  27  2:41  Pneumatized Carapace  
  29  2:50  Hatchery  
  27  2:54  Drone  
  27  2:55  Drone  
  27  2:57  Zergling x2  
  30  3:05  Zergling x6  
  32  3:09  Overlord  
  32  3:11  Drone  
  34  3:16  Drone  
  34  3:19  Overlord  
  35  3:23  Drone  
  35  3:24  Overlord  
  36  3:27  Drone  
  36  3:29  Drone  
  36  3:31  Drone  
  36  3:33  Drone  
  40  3:38  Drone x2  
  40  3:40  Drone  
  43  3:46  Queen  
  44  3:49  Overlord  
  44  3:52  Drone, Extractor  
  44  3:54  Drone  
  45  3:58  Drone x2  
  45  3:59  Drone  
  48  4:06  Drone  
  48  4:07  Drone  
  50  4:12  Drone  
  50  4:15  Spore Crawler x2  
  49  4:20  Spore Crawler  
  49  4:21  Drone x3  
  49  4:22  Drone x2  
  53  4:28  Lair  
  53  4:30  Drone  
  53  4:31  Extractor  
  53  4:32  Drone  
  53  4:37  Drone x3  
  55  4:39  Drone  
  55  4:42  Drone  
  55  4:43  Drone  
  55  4:44  Drone  
  59  4:50  Drone, Extractor  
  59  4:51  Evolution Chamber  
  58  4:56  Overlord  
  58  4:57  Drone x2  
  60  5:01  Drone  
  60  5:02  Drone x3  
  60  5:05  Zergling x4  
  65  5:11  Overlord x2  
  65  5:13  Drone  
  66  5:16  Zerg Missile Weapons Level 1  
  66  5:17  Drone x3  
  66  5:19  Drone  
  70  5:26  Hydralisk Den  
  69  5:30  Drone x2  
  69  5:32  Hatchery  
  68  5:36  Overlord x2  
  68  5:39  Zergling x2  
  68  5:40  Zergling x4  
  70  5:47  Overlord x2  
  70  5:48  Zergling x2  
  70  5:49  Zergling x6  
  74  5:56  Muscular Augments  
  74  5:59  Hydralisk  
  74  6:00  Hydralisk x3  
  74  6:02  Hydralisk  
  83  6:05  Hydralisk  
  83  6:07  Hydralisk  
  83  6:08  Overseer  
  87  6:11  Hydralisk  
  87  6:13  Hydralisk  
  87  6:15  Hydralisk  
  87  6:17  Hydralisk  
  95  6:21  Hydralisk  
  95  6:22  Overlord  
  97  6:29  Hydralisk  
  97  6:30  Hydralisk  
  97  6:31  Queen  
  97  6:32  Zergling x2  
  102  6:33  Zergling x8  
  102  6:34  Hydralisk  
  102  6:37  Overlord  
  108  6:40  Overlord  
  108  6:43  Hydralisk x2  
  112  6:51  Hydralisk  
  112  6:53  Zergling x2  
  112  6:54  Zergling x12  
  119  6:55  Hydralisk  
  119  6:58  Hydralisk  
  121  7:01  Hydralisk  
  121  7:03  Overlord  
  121  7:07  Hydralisk  
  125  7:09  Zergling x2  
  125  7:10  Zergling x8  
  125  7:11  Hydralisk  
  125  7:15  Hydralisk  
  132  7:20  Hydralisk  
  132  7:21  Zergling x2  
  132  7:22  Zergling x4  
  130  7:32  Hydralisk x2  
  130  7:36  Hydralisk  
  126  7:40  Hydralisk  
  126  7:41  Zergling x2  
  126  7:42  Zergling x6  
  114  7:45  Hydralisk  
  114  7:48  Zergling x16  
  114  7:50  Hydralisk  
  123  7:51  Zergling x2  
  123  7:57  Hydralisk x2  
  122  8:00  Zergling x2  
  122  8:03  Hydralisk  
  122  8:06  Zergling x4  
  122  8:07  Overseer  
  122  8:08  Queen  
  122  8:10  Overlord  
  122  8:12  Overlord  
  126  8:19  Hydralisk x3  
  128  8:21  Zergling x4  
  128  8:22  Zergling x4, Overlord x2  
  128  8:26  Hydralisk  
  128  8:41  Zergling x2  
  128  8:42  Zergling x8  
Show
View Real Time Build Order
Export as new Build Order

Caliber Protoss 

Build Orders: Phoenix Opening 

Get SALT Encoding   

  12  0:01  Probe (Chrono Boost)  
  13  0:11  Probe (Chrono Boost)  
  14  0:18  Pylon  
  14  0:22  Probe (Chrono Boost)  
  15  0:36  Probe (Chrono Boost)  
  15  0:38  Gateway  
  16  0:46  Probe (Chrono Boost)  
  16  0:49  Assimilator  
  18  0:57  Probe (Chrono Boost)  
  18  1:07  Probe (Chrono Boost)  
  19  1:18  Probe (Chrono Boost)  
  20  1:26  Cybernetics Core  
  20  1:29  Probe (Chrono Boost)  
  20  1:31  Pylon  
  21  1:39  Probe (Chrono Boost)  
  22  1:54  Nexus  
  22  1:58  Adept  
  22  2:03  Warp Gate  
  22  2:07  Assimilator  
  24  2:13  Probe (Chrono Boost)  
  25  2:22  Adept  
  25  2:25  Probe (Chrono Boost)  
  30  2:38  Mothership Core (Chrono Boost)  
  30  2:42  Pylon  
  30  2:55  Pylon  
  30  2:56  Probe (Chrono Boost)  
  31  3:00  Stalker  
  33  3:07  Probe (Chrono Boost)  
  34  3:13  Stargate  
  34  3:15  Probe (Chrono Boost)  
  34  3:17  Probe (Chrono Boost)  
  36  3:26  Probe (Chrono Boost)  
  37  3:28  Probe (Chrono Boost)  
  37  3:30  Sentry  
  40  3:36  Probe (Chrono Boost)  
  40  3:38  Probe (Chrono Boost)  
  42  3:47  Assimilator, Probe (Chrono Boost)  
  43  3:49  Probe (Chrono Boost)  
  43  3:54  Phoenix  
  44  3:57  Probe (Chrono Boost)  
  44  4:01  Probe (Chrono Boost)  
  48  4:07  Pylon  
  48  4:08  Probe (Chrono Boost)  
  49  4:10  Gateway  
  49  4:12  Gateway  
  49  4:13  Probe (Chrono Boost)  
  49  4:15  Pylon  
  50  4:17  Phoenix  
  50  4:19  Probe (Chrono Boost)  
  53  4:27  Probe (Chrono Boost)  
  53  4:29  Probe (Chrono Boost)  
  56  4:39  Probe (Chrono Boost)  
  56  4:40  Assimilator, Probe (Chrono Boost)  
  56  4:42  Phoenix  
  59  4:50  Probe (Chrono Boost)  
  59  4:52  Probe (Chrono Boost)  
  61  4:54  Robotics Facility  
  61  5:01  Probe (Chrono Boost)  
  61  5:04  Probe (Chrono Boost)  
  62  5:07  Zealot  
  62  5:08  Zealot x2  
  62  5:09  Phoenix  
  62  5:11  Probe (Chrono Boost)  
  71  5:16  Probe (Chrono Boost)  
  71  5:17  Pylon  
  72  5:22  Probe (Chrono Boost)  
  72  5:26  Nexus  
  73  5:33  Phoenix  
  75  5:44  Adept x3  
  75  5:48  Probe (Chrono Boost), Pylon  
  83  5:50  Probe (Chrono Boost)  
  83  5:52  Observer  
  83  5:55  Robotics Facility  
  84  5:57  Pylon  
  84  6:09  Pylon  
  84  6:11  Immortal  
  84  6:15  Probe (Chrono Boost), Pylon  
  84  6:17  Probe (Chrono Boost)  
  90  6:22  Pylon  
  90  6:27  Robotics Bay  
  90  6:32  Adept x3  
  96  6:44  Immortal, Pylon  
  100  6:52  Probe (Chrono Boost)  
  100  6:54  Probe x2 (Chrono Boost)  
  99  7:00  Adept  
  99  7:01  Immortal, Adept x2  
  109  7:09  Probe (Chrono Boost)  
  109  7:10  Probe x2 (Chrono Boost)  
  112  7:22  Probe (Chrono Boost)  
  113  7:24  Adept x3  
  95  7:48  Sentry x2  
  95  7:49  Mothership Core (Chrono Boost), Sentry  
  101  7:51  Probe (Chrono Boost)  
  101  7:52  Probe (Chrono Boost)  
  101  7:56  Colossus  
  91  7:58  Immortal  
  91  8:02  Probe (Chrono Boost)  
  91  8:05  Probe (Chrono Boost)  
  103  8:09  Assimilator, Probe (Chrono Boost)  
  103  8:10  Pylon  
  103  8:12  Probe (Chrono Boost), Adept x2  
  109  8:14  Pylon  
  109  8:17  Probe (Chrono Boost)  
  109  8:21  Probe (Chrono Boost)  
  107  8:28  Stalker  
  107  8:31  Probe (Chrono Boost)  
  107  8:33  Probe (Chrono Boost), Nexus  
  88  8:43  Adept  
  88  8:44  Adept  
  80  8:50  Probe x2 (Chrono Boost)  
Tags
 
Add a new tag
Caveats
  • Supply blocks, unpowered buildings, or Contaminate may cause inaccurate times.
  • Supply counts are checked every 10 seconds.